Map: Emerald City LE

Players

qqq

  • Race: Protoss Protoss
  • Spawn Location: 11:00

Massa

  • Race: Terran Terran
  • League: Platinum
  • Spawn Location: 11:00

qqvpp - Winner!

  • Race: Zerg Zerg
  • League: Diamond
  • Spawn Location: 5:00

TATANGALAR - Winner!

  • Race: Terran Terran
  • Spawn Location: 5:00

VOD

Have the link to the VOD?

Description

Time

  • Played on: Oct. 3, 2020, 5:31 p.m.
  • Length: 21:58
Show
View Real Time Build Order
Export as new Build Order

qqq Protoss 

Build Orders: Carriers 

Get SALT Encoding   

  12  0:01  Probe  
  13  0:13  Probe  
  14  0:24  Pylon  
  14  0:25  Probe  
  15  0:42  Probe, Forge  
  16  0:54  Probe  
  17  1:06  Probe  
  18  1:18  Probe  
  18  1:30  Pylon  
  18  1:46  Nexus  
  18  1:59  Gateway  
  18  2:02  Probe  
  19  2:09  Pylon  
  19  2:14  Probe  
  20  2:26  Probe  
  21  2:31  Assimilator  
  21  2:34  Assimilator  
  21  2:38  Probe  
  22  2:50  Probe (Chrono Boost)  
  23  2:58  Cybernetics Core  
  23  3:00  Pylon  
  23  3:01  Probe (Chrono Boost)  
  23  3:04  Probe (Chrono Boost)  
  25  3:11  Probe (Chrono Boost)  
  25  3:12  Probe (Chrono Boost)  
  27  3:17  Probe x2 (Chrono Boost)  
  29  3:27  Probe  
  29  3:29  Probe  
  31  3:35  Stalker  
  31  3:40  Probe, Stargate  
  31  3:41  Probe  
  35  3:49  Pylon  
  35  3:52  Probe, Pylon  
  35  3:53  Probe  
  37  4:04  Probe  
  37  4:05  Probe  
  37  4:06  Assimilator  
  37  4:09  Assimilator  
  39  4:10  Stargate  
  39  4:16  Probe (Chrono Boost)  
  40  4:19  Probe (Chrono Boost)  
  40  4:20  Photon Cannon  
  41  4:28  Probe (Chrono Boost)  
  43  4:33  Oracle (Chrono Boost)  
  43  4:34  Probe (Chrono Boost)  
  43  4:35  Probe (Chrono Boost)  
  47  4:41  Probe  
  47  4:42  Probe  
  49  4:54  Probe  
  52  5:01  Phoenix (Chrono Boost)  
  52  5:06  Phoenix (Chrono Boost)  
  54  5:18  Nexus  
  54  5:20  Pylon  
  46  5:21  Phoenix  
  54  5:22  Pylon  
  54  5:24  Phoenix, Pylon  
  58  5:46  Phoenix  
  58  5:49  Phoenix  
  62  6:11  Phoenix  
  64  6:14  Phoenix  
  66  6:36  Phoenix  
  66  6:39  Phoenix  
  70  7:01  Phoenix  
  70  7:16  Photon Cannon  
  70  7:19  Photon Cannon  
  70  7:20  Probe  
  70  7:21  Photon Cannon  
  69  7:25  Photon Cannon  
  64  7:32  Probe  
  65  7:42  Phoenix x2  
  69  7:44  Probe, Fleet Beacon  
  69  7:47  Stargate  
  69  7:48  Stargate  
  69  7:50  Pylon  
  70  7:52  Pylon  
  70  7:56  Probe  
  70  7:58  Probe  
  72  8:01  Void Ray  
  72  8:03  Nexus  
  72  8:05  Pylon  
  72  8:06  Pylon  
  72  8:08  Probe  
  72  8:10  Probe, Pylon  
  72  8:12  Assimilator  
  78  8:14  Phoenix  
  78  8:16  Assimilator  
  80  8:20  Probe  
  80  8:22  Probe  
  82  8:29  Anion Pulse-Crystals  
  82  8:31  Tempest  
  82  8:32  Probe  
  88  8:34  Probe  
  88  8:36  Tempest  
  88  8:39  Phoenix  
  96  8:46  Probe  
  97  8:55  Photon Cannon  
  97  8:58  Photon Cannon  
  97  9:00  Photon Cannon  
  95  9:04  Photon Cannon  
  95  9:09  Nexus  
  95  9:11  Pylon  
  95  9:12  Pylon  
  95  9:13  Pylon  
  87  9:31  Tempest x2 (Chrono Boost)  
  87  9:32  Tempest x2 (Chrono Boost)  
  107  9:51  Probe  
  108  9:57  Photon Cannon  
  108  10:01  Photon Cannon  
  108  10:03  Probe, Photon Cannon  
  108  10:06  Photon Cannon  
  109  10:11  Tempest x2 (Chrono Boost)  
  119  10:14  Probe  
  119  10:15  Probe  
  121  10:26  Probe  
  121  10:27  Probe  
  123  10:30  Tempest x2  
  133  10:38  Probe  
  133  10:39  Probe  
  135  10:47  Carrier  
  141  10:54  Protoss Air Weapons Level 1 (Chrono Boost)  
  135  11:37  Nexus  
  135  11:41  Photon Cannon  
  135  11:43  Photon Cannon  
  141  11:48  Robotics Facility  
  141  11:52  Nexus  
  141  11:54  Photon Cannon  
  141  11:57  Photon Cannon  
  141  12:00  Pylon  
  141  12:03  Pylon  
  123  12:38  Carrier  
  118  12:54  Stargate  
  118  12:55  Protoss Air Armor Level 1  
  118  12:57  Stargate  
  110  12:58  Stargate  
  101  13:06  Probe  
  98  13:18  Probe  
  99  13:20  Pylon x2  
  99  13:23  Pylon  
  99  13:30  Probe  
  98  13:42  Tempest, Probe  
  104  13:49  Carrier  
  104  13:53  Carrier  
  104  13:54  Probe  
  117  14:00  Probe  
  117  14:09  Shield Battery  
  117  14:11  Photon Cannon  
  117  14:12  Probe  
  116  14:25  Probe  
  116  14:29  Carrier x2  
  135  14:35  Probe  
  135  14:37  Probe  
  135  14:38  Observer  
  138  14:47  Probe  
  138  14:49  Probe  
  140  14:59  Probe, Nexus  
  147  15:01  Probe  
  143  15:11  Probe  
  143  15:13  Probe  
  132  15:23  Probe  
  101  15:50  Carrier x3  
  114  16:02  Probe  
  115  16:04  Probe  
  115  16:07  Pylon  
  115  16:11  Pylon  
  116  16:14  Probe, Pylon, Assimilator  
  116  16:16  Probe  
  118  16:18  Assimilator  
  118  16:23  Photon Cannon  
  118  16:25  Photon Cannon  
  118  16:26  Probe  
  118  16:28  Probe  
  120  16:39  Probe  
  119  16:40  Probe  
  117  16:48  Void Ray x3  
  117  16:51  Probe  
  117  16:52  Probe  
  118  17:00  Fleet Beacon  
  95  18:17  Probe  
  94  18:29  Probe  
  94  18:31  Nexus  
  95  18:42  Probe  
  95  18:46  Probe  
  92  18:54  Probe  
  93  18:58  Probe  
  93  19:01  Pylon  
  94  19:03  Pylon  
  94  19:06  Probe, Pylon  
  95  19:10  Probe  
  95  19:12  Pylon  
  95  19:17  Photon Cannon  
  96  19:19  Photon Cannon  
  96  19:21  Photon Cannon  
  96  19:22  Probe  
  97  19:24  Photon Cannon  
  97  19:27  Photon Cannon  
  97  19:31  Photon Cannon  
  97  19:33  Cybernetics Core  
  97  19:34  Probe  
  85  20:22  Probe x2  
  85  20:23  Probe  
  85  20:27  Photon Cannon  
  88  20:31  Photon Cannon  
  88  20:33  Photon Cannon, Stargate  
  88  20:34  Probe, Photon Cannon, Stargate  
  88  20:35  Probe x2, Stargate  
  91  20:38  Stargate  
  91  20:41  Stargate  
  91  20:45  Stargate  
  91  20:46  Probe  
  91  20:47  Probe  
  93  20:50  Photon Cannon  
  93  20:58  Probe x2  
  93  20:59  Probe  
  96  21:10  Probe  
  96  21:11  Probe x2  
  94  21:22  Probe  
  94  21:23  Probe x2  
Show
View Real Time Build Order
Export as new Build Order

Massa Terran 

Build Orders: Gas First Reaper Expand 

Get SALT Encoding   

  12  0:00  SCV  
  13  0:12  SCV  
  14  0:23  Supply Depot  
  14  0:26  SCV  
  15  0:35  Refinery  
  15  0:45  SCV  
  15  0:46  Barracks  
  16  0:57  SCV  
  17  1:18  SCV  
  18  1:33  Reaper  
  18  1:34  Orbital Command  
  19  1:45  Command Center  
  19  2:04  Supply Depot  
  19  2:05  Marine  
  20  2:08  Factory  
  20  2:35  SCV  
  21  2:44  Supply Depot  
  21  2:47  SCV  
  22  2:51  Starport  
  22  3:02  Orbital Command  
  22  3:03  Barracks Reactor, Supply Depot  
  22  3:10  Factory Tech Lab  
  22  3:18  SCV  
  23  3:25  Engineering Bay  
  23  3:30  Refinery, SCV  
  24  3:42  SCV, Marine x2  
  27  3:51  Siege Tank  
  30  3:59  Marine  
  31  4:04  SCV x2  
  31  4:07  Supply Depot  
  33  4:14  Medivac  
  33  4:16  SCV x2  
  37  4:19  Missile Turret  
  37  4:21  Missile Turret  
  37  4:29  Marine x2  
  39  4:38  Barracks  
  39  4:43  Missile Turret  
  39  4:44  Widow Mine  
  41  4:47  Liberator, Marine x2  
  46  5:00  Missile Turret  
  46  5:05  Missile Turret  
  46  5:06  Widow Mine  
  48  5:22  Marine x2  
  48  5:27  Sensor Tower  
  48  5:28  Widow Mine  
  52  5:37  SCV  
  52  5:38  SCV, Barracks Tech Lab  
  52  5:39  Marine  
  52  5:40  Marine  
  56  5:49  Widow Mine  
  59  5:50  SCV x2  
  59  5:52  Medivac  
  64  5:57  Marauder, Marine x2  
  64  6:02  SCV x2  
  68  6:14  SCV  
  69  6:33  Stimpack  
  69  6:41  Supply Depot  
  69  6:42  Supply Depot x2  
  69  6:45  Missile Turret  
  69  6:46  Supply Depot  
  68  6:47  Marauder  
  68  6:49  Refinery  
  68  7:05  Supply Depot  
  68  7:07  Supply Depot  
  68  7:08  Armory, Terran Infantry Weapons Level 1  
  68  7:09  Supply Depot  
  68  7:10  Supply Depot  
  68  7:12  Engineering Bay  
  68  7:29  Supply Depot  
  63  7:48  Refinery  
  63  7:54  Terran Infantry Armor Level 1  
  63  7:56  Terran Vehicle Weapons Level 1  
  63  8:00  Command Center  
  63  8:08  Missile Turret  
  63  8:09  Missile Turret  
  63  8:12  Missile Turret  
  59  8:24  Siege Tank  
  62  8:27  Marauder, Marine  
  62  8:28  Marine  
  66  8:38  Barracks  
  66  8:45  Marine x2  
  66  8:48  Medivac  
  70  8:49  Marauder  
  72  8:56  Siege Tank  
  75  9:03  Marine x2  
  75  9:04  Terran Infantry Weapons Level 2  
  77  9:10  Marauder  
  77  9:11  Missile Turret  
  77  9:15  Missile Turret x2  
  79  9:18  Medivac  
  81  9:25  SCV x2  
  83  9:32  Marauder  
  83  9:36  Combat Shield  
  83  9:37  SCV x2  
  87  9:52  Viking  
  87  9:53  Marauder  
  91  10:01  Thor  
  91  10:04  SCV  
  98  10:11  SCV x2  
  100  10:17  SCV  
  99  10:22  Viking  
  99  10:23  SCV  
  99  10:27  SCV  
  102  10:29  SCV  
  102  10:35  SCV  
  104  10:38  Barracks x3  
  104  10:40  SCV  
  104  10:41  SCV  
  106  10:43  Thor  
  106  10:45  Terran Infantry Armor Level 2  
  106  10:48  Terran Vehicle And Ship Armor Level 1  
  97  11:53  Barracks Reactor x2, Marauder  
  97  11:54  Barracks Reactor, Marine  
  99  11:55  Marine  
  101  12:12  Marine  
  101  12:13  Marine  
  101  12:14  Marine  
  89  12:30  Marine  
  89  12:31  Marine  
  89  12:32  Marine  
  87  12:37  Thor  
  93  12:45  Orbital Command  
  93  12:46  SCV x2  
  93  12:48  Marine x2  
  93  12:50  Marine  
  98  12:55  Marine  
  98  12:56  Marine x5  
  98  12:58  SCV x2  
  90  13:06  Marine x2  
  90  13:08  Marine  
  72  13:13  Marine x5  
  72  13:14  Marine  
  66  13:20  Siege Tank  
  66  13:24  Marine x2  
  66  13:26  Marauder  
  64  13:31  Marine x7  
  65  13:41  Marine  
  65  13:42  Marine  
  65  13:47  Marauder  
  69  13:48  Marine  
  69  13:49  Marine x6  
  69  13:55  Medivac  
  78  13:59  Marine  
  78  14:00  Marine  
  78  14:01  Siege Tank  
  78  14:02  Command Center  
  83  14:06  Marine x2  
  83  14:07  Marine x5  
  83  14:09  Marauder  
  92  14:16  Factory  
  92  14:17  Marine x2  
  92  14:19  Factory  
  94  14:24  Marine x2  
  94  14:25  Marine x5, Medivac  
  94  14:30  Marauder  
  105  14:33  Siege Tank  
  105  14:35  Marine  
  109  14:42  Marine  
  110  14:52  Marauder  
  111  14:55  Medivac  
  73  15:13  Marauder  
  69  15:14  Marine x8  
  69  15:15  Marine  
  78  15:22  Thor  
  78  15:25  Medivac  
  78  15:27  SCV  
  84  15:29  SCV  
  84  15:32  Marine x9  
  84  15:34  Marauder  
  96  15:44  Orbital Command  
  96  15:49  Marine  
  96  15:50  Marine x8  
  96  15:56  Marauder  
  103  16:07  Marine  
  103  16:08  Marine  
  102  16:17  Marauder  
  56  16:34  Marine x9  
  56  16:38  Orbital Command, Marauder  
  62  16:51  Marine  
  62  16:52  Factory Tech Lab x2, Marine x8  
  71  17:00  Marauder  
  73  17:09  Marine  
  73  17:10  Marine x5  
  73  17:11  Barracks Tech Lab  
  79  17:21  Marauder  
  81  17:31  Siege Tank x3  
  90  17:43  Marauder  
  90  18:03  Siege Tank x2  
  90  18:04  Marauder  
  96  18:10  Marine  
  96  18:11  Marauder, Marine  
  96  18:12  Marine x3  
  93  18:25  Marauder  
  83  18:33  Marauder  
  60  18:40  Marine x4  
  60  18:41  Marine x4  
  62  18:47  Marauder  
  64  18:54  Marauder  
  66  18:58  Marine x3  
  69  19:08  Marauder  
  71  19:15  Marauder  
  73  19:22  Command Center  
  73  19:30  Marauder  
  75  19:37  Marauder  
  77  19:51  Marauder  
  76  20:22  SCV x3  
  76  20:26  Marine  
  76  20:27  Marauder x2, Marine x5  
  89  20:34  SCV x3  
  92  20:37  Marine x2  
  94  20:44  Marine  
  94  20:46  Orbital Command, SCV  
  94  20:48  Marauder  
  94  20:49  Marauder  
  100  21:09  Marauder  
  100  21:10  Marauder  
Show
View Real Time Build Order
Export as new Build Order

qqvpp Zerg - Winner!

Build Orders: Hatch First 

Get SALT Encoding   

  12  0:00  Drone  
  13  0:12  Overlord  
  13  0:21  Drone  
  14  0:30  Drone x2  
  16  0:52  Drone  
  16  0:54  Hatchery  
  16  0:56  Drone  
  17  1:00  Drone  
  18  1:16  Spawning Pool  
  18  1:18  Drone  
  18  1:21  Drone  
  19  2:04  Queen  
  19  2:05  Queen  
  19  2:07  Drone, Hatchery  
  23  2:11  Drone  
  24  2:17  Zergling x4  
  26  2:23  Drone x2  
  26  2:29  Overlord  
  28  2:50  Queen x2  
  32  2:51  Drone x2  
  32  2:52  Drone  
  35  2:59  Drone  
  35  3:01  Overlord  
  36  3:11  Overlord  
  36  3:21  Drone  
  36  3:23  Drone x8  
  45  3:33  Drone x3  
  45  3:34  Extractor  
  47  3:35  Extractor  
  47  3:40  Queen  
  48  3:46  Zergling x6  
  50  3:50  Drone  
  50  3:52  Drone  
  52  3:57  Drone  
  52  3:58  Drone x2  
  55  4:09  Extractor  
  54  4:10  Extractor, Drone x2  
  54  4:11  Drone x2  
  54  4:13  Overlord x2  
  54  4:14  Overlord  
  57  4:32  Spore Crawler  
  57  4:34  Spore Crawler  
  57  4:35  Metabolic Boost  
  57  4:36  Drone  
  56  4:39  Drone  
  56  4:44  Drone x3  
  56  4:45  Drone x2  
  62  4:57  Drone  
  62  4:58  Drone x9  
  72  5:06  Lair  
  72  5:08  Zergling x8  
  72  5:09  Zergling x2  
  72  5:13  Spore Crawler  
  76  5:29  Pneumatized Carapace  
  76  5:31  Zergling x2  
  76  5:32  Zergling x4  
  76  5:34  Overlord x2  
  76  5:35  Overlord  
  79  5:46  Overlord x3  
  79  5:51  Drone x2, Evolution Chamber  
  79  5:52  Evolution Chamber  
  79  6:01  Hatchery  
  78  6:13  Overlord  
  78  6:14  Hydralisk Den  
  78  6:19  Zerg Missile Weapons Level 1, Hydralisk Den  
  78  6:20  Zerg Ground Armor Level 1  
  78  6:23  Drone  
  78  6:33  Overlord x3  
  78  6:34  Hatchery  
  77  6:43  Drone x3  
  77  6:44  Drone x4  
  77  6:46  Extractor  
  83  6:48  Extractor  
  83  6:49  Spore Crawler  
  83  6:52  Spore Crawler  
  80  6:55  Hydralisk  
  80  6:56  Hydralisk x6  
  92  7:07  Overlord x2  
  88  7:09  Overseer x2  
  88  7:20  Hydralisk x3  
  94  7:25  Overlord x4  
  94  7:26  Drone  
  92  7:44  Grooved Spines  
  92  7:47  Drone  
  95  7:56  Queen  
  95  7:57  Hydralisk  
  95  7:58  Hydralisk x10  
  105  8:02  Overseer  
  105  8:03  Overseer  
  117  8:09  Drone  
  118  8:13  Overlord x4  
  109  8:29  Drone  
  109  8:30  Drone x8, Spore Crawler  
  109  8:31  Spore Crawler  
  109  8:32  Zerg Missile Weapons Level 2  
  109  8:33  Zerg Ground Armor Level 2  
  116  8:37  Drone x3  
  116  8:38  Drone x2  
  116  8:39  Drone  
  122  8:42  Drone x4  
  122  8:45  Spine Crawler  
  125  8:55  Hydralisk x8  
  127  8:56  Muscular Augments  
  141  9:04  Overlord  
  141  9:05  Overlord x2  
  141  9:14  Overlord x11  
  141  9:24  Extractor  
  140  9:26  Extractor  
  139  9:35  Overseer  
  139  9:36  Overseer x2  
  139  9:40  Hatchery  
  139  9:44  Drone  
  139  9:45  Drone x4  
  142  9:46  Drone x2, Spore Crawler x2  
  142  9:47  Drone x4  
  147  9:56  Drone  
  148  10:01  Overseer  
  148  10:03  Baneling Nest  
  148  10:04  Zergling x2  
  148  10:05  Zergling x28  
  162  10:17  Infestation Pit  
  161  10:21  Lurker Den  
  161  10:24  Hydralisk  
  161  10:25  Hydralisk x8  
  178  10:37  Hatchery  
  162  11:19  Overlord x3  
  150  11:29  Hive  
  150  11:30  Zerg Melee Weapons Level 1  
  150  11:31  Centrifical Hooks  
  148  11:32  Hydralisk  
  148  11:33  Hydralisk x3  
  148  11:36  Zergling x14  
  148  11:37  Zergling x26  
  176  11:51  Overseer  
  176  11:52  Overseer x2  
  176  11:54  Baneling x5  
  176  11:59  Baneling  
  176  12:00  Baneling x28  
  176  12:01  Baneling x11  
  176  12:02  Zergling x6  
  176  12:03  Zergling x18  
  176  12:05  Extractor, Hatchery  
  176  12:06  Hatchery  
  185  12:09  Extractor  
  171  12:30  Overlord x3  
  171  12:31  Overlord  
  167  12:47  Adaptive Talons  
  167  12:48  Adrenal Glands  
  167  12:50  Hydralisk  
  167  12:51  Hydralisk x16  
  174  13:32  Overlord x2  
  169  13:36  Zerg Missile Weapons Level 3  
  169  13:37  Zerg Ground Armor Level 3  
  169  13:38  Hydralisk x8  
  169  13:39  Hydralisk x5  
  191  13:41  Overlord x2  
  191  13:42  Overlord x2  
  191  13:44  Seismic Spines, Drone  
  191  13:45  Overseer x2  
  191  13:46  Overseer x2  
  188  13:50  Zergling x8  
  192  13:58  Hatchery  
  191  14:11  Zergling x16  
  191  14:12  Zergling x6  
  191  14:15  Extractor  
  183  14:28  Spire  
  183  14:30  Drone x2  
  183  14:31  Drone x11  
  185  14:32  Drone x5  
  200  14:46  Baneling  
  200  14:47  Baneling x27  
  200  14:48  Baneling x2  
  200  14:50  Overlord x2  
  139  15:16  Extractor  
  139  15:18  Drone  
  139  15:22  Lurker  
  139  15:23  Lurker x15  
  139  15:25  Zergling x26  
  139  15:26  Zergling x32  
  184  15:40  Drone  
  185  15:46  Hydralisk  
  185  15:47  Hydralisk x6  
  191  16:17  Hydralisk x7  
  168  16:40  Hydralisk  
  168  16:41  Hydralisk x15  
  197  16:47  Overlord x2  
  197  16:51  Greater Spire  
  197  16:53  Zerg Melee Weapons Level 2  
  197  17:04  Zergling x2  
  197  17:05  Zergling x4  
  200  17:12  Spire  
  200  17:14  Overseer  
  192  17:38  Hydralisk  
  192  17:39  Hydralisk x3  
  199  17:46  Overlord x3  
  178  18:15  Hydralisk  
  178  18:16  Hydralisk x11  
  192  18:24  Zergling x2  
  192  18:25  Zergling x32  
  184  18:32  Hydralisk  
  184  18:33  Hydralisk x12  
  159  18:59  Hydralisk x9  
  159  19:00  Hydralisk x13  
  199  19:05  Hatchery  
  199  19:07  Extractor  
  199  19:09  Extractor x2, Hatchery  
  194  19:14  Extractor  
  193  19:20  Drone  
  193  19:23  Drone  
  195  19:25  Drone  
  192  19:37  Zerg Flyer Weapons Level 1  
  189  19:47  Infestation Pit  
  175  20:12  Hatchery  
  164  20:18  Corruptor  
  164  20:19  Corruptor x16  
  198  20:29  Hatchery  
  198  20:30  Hatchery  
  196  20:38  Drone  
  197  20:58  Hydralisk Den  
  197  21:01  Hatchery  
Show
View Real Time Build Order
Export as new Build Order

TATANGALAR Terran - Winner!

Build Orders:  

Get SALT Encoding   

  12  0:00  SCV  
  13  0:12  SCV  
  14  0:25  SCV  
  14  0:28  Supply Depot  
  15  0:49  SCV  
  16  0:50  Barracks  
  16  1:01  SCV  
  16  1:27  SCV  
  17  1:45  SCV  
  18  1:49  Marine  
  19  2:02  Supply Depot  
  19  2:06  SCV  
  19  2:07  Marine  
  21  2:12  Refinery  
  21  2:18  SCV  
  21  2:23  Supply Depot  
  21  2:29  Marine  
  22  2:47  Marine  
  22  2:49  SCV  
  24  2:52  Refinery  
  24  3:02  SCV  
  25  3:11  Marine  
  26  3:16  Command Center  
  26  3:18  Refinery, SCV  
  27  3:29  Marine  
  27  3:30  SCV  
  29  3:42  SCV  
  29  3:47  Marine  
  31  3:54  SCV  
  32  3:58  Factory  
  32  4:06  SCV  
  33  4:18  SCV  
  33  4:21  Supply Depot  
  34  4:27  Supply Depot  
  34  4:30  SCV  
  35  4:33  SCV  
  36  4:42  Starport, SCV  
  36  4:44  Factory Tech Lab  
  36  4:45  SCV  
  38  4:54  SCV  
  38  4:57  SCV  
  40  5:06  SCV  
  41  5:07  Siege Tank  
  41  5:09  SCV  
  41  5:12  Refinery  
  41  5:13  Starport  
  45  5:18  SCV  
  46  5:21  Starport Tech Lab, SCV  
  46  5:25  Fusion Core  
  47  5:33  SCV  
  48  5:45  SCV  
  48  5:46  Starport  
  42  6:16  Battlecruiser  
  42  6:17  Starport Tech Lab  
  46  6:54  Battlecruiser  
  45  7:11  SCV, Engineering Bay  
  46  7:23  SCV  
  47  7:35  SCV  
  48  7:47  SCV  
  48  7:51  Battlecruiser  
  55  7:59  SCV  
  56  8:09  Battlecruiser  
  56  8:12  SCV  
  63  8:30  SCV  
  63  8:33  SCV  
  65  8:40  Missile Turret x2  
  65  8:42  SCV, Missile Turret  
  65  8:45  SCV  
  65  8:47  Missile Turret x2  
  65  8:48  Missile Turret  
  67  8:51  Missile Turret  
  67  8:55  SCV  
  68  9:06  Supply Depot  
  68  9:07  SCV, Supply Depot x2  
  69  9:16  Weapon Refit  
  69  9:19  SCV  
  70  9:27  Battlecruiser  
  76  9:53  Battlecruiser  
  76  9:57  Starport Tech Lab  
  82  10:26  Battlecruiser  
  88  10:32  Battlecruiser  
  94  10:43  Supply Depot  
  94  10:44  Supply Depot  
  94  10:45  Supply Depot  
  94  10:47  Supply Depot x2  
  82  11:30  Battlecruiser x2  
  88  11:42  Battlecruiser  
  93  12:34  Battlecruiser  
  93  13:12  Battlecruiser x2  
  93  13:47  Command Center  
  93  13:54  Battlecruiser  
  99  14:16  Battlecruiser  
  104  15:16  Battlecruiser x2  
  68  16:05  Battlecruiser  
  74  16:20  Battlecruiser  
  80  16:40  Command Center  
  56  17:25  Battlecruiser x2  
  56  17:27  Battlecruiser  
  74  17:43  Starport  
  74  17:50  Starport  
  74  18:01  Refinery  
  74  18:04  Refinery  
  74  18:24  Starport Tech Lab  
  74  18:27  Starport Tech Lab  
  74  18:44  Battlecruiser  
  80  19:14  Battlecruiser  
  86  19:19  Viking x3  
  68  20:28  Battlecruiser x2  
Tags
 
Add a new tag
Caveats
  • Supply blocks, unpowered buildings, or Contaminate may cause inaccurate times.
  • Supply counts are checked every 10 seconds.